 Dungeon Crawl Stone Soup version 0.29-a0-323-g050149af67 (webtiles) character file.

Game seed: 17140613741145355853

194 kae the Gusty (level 5, -1/45 HPs)
             Began as an Ogre Air Elementalist on Apr 10, 2022.
             Slain by an orc
             ... wielding a +0 club
              (5 damage)
             ... on level 3 of the Dungeon.
             The game lasted 00:01:53 (2921 turns).

kae the Gusty (Ogre Air Elementalist)               Turns: 2921, Time: 00:01:54

Health: -1/45      AC:  4    Str: 12    XL:     5   Next: 73%
Magic:  5/10       EV:  9    Int: 18    God:
Gold:   77         SH:  0    Dex:  9    Spells: 5/11 levels left

rFire   . . .      SeeInvis .   i - staff of death
rCold   . . .      Faith    .   (no shield)
rNeg    + . .      Spirit   .   a - +1 robe
rPois   .          Reflect  .   (helmet restricted)
rElec   .          Harm     .   (no cloak)
rCorr   .          Rampage  .   (gloves unavailable)
Will    .....                   (boots unavailable)
Stlth   +.........              f - amulet of magic regeneration
HPRegen 0.15/turn               (no ring)
MPRegen 0.52/turn               (no ring)

@: no status effects
A: large, unfitting armour, tough skin 1
a: no special abilities


You were on level 3 of the Dungeon.
You visited 1 branch of the dungeon, and saw 3 of its levels.

You collected 77 gold pieces.

Inventory:

Hand Weapons
 b - a +1 short sword of protection
Armour
 a - a +1 robe (worn)
Magical Staves
 i - a staff of death (weapon)
 j - a staff of poison
Jewellery
 f - an amulet of magic regeneration (around neck)
 k - a ring of fire
Scrolls
 c - a scroll of immolation {unknown}
 g - 2 scrolls of amnesia
 n - a scroll of magic mapping
Potions
 e - a potion of attraction
 h - 3 potions of haste
 o - a potion of mutation {unknown}


   Skills:
 - Level 1.7 Dodging
 - Level 1.4 Stealth
 + Level 3.8 Spellcasting
 + Level 2.4 Conjurations
 * Level 4.4 Air Magic


You had 5 spell levels left.
You knew the following spells:

 Your Spells              Type           Power      Damage    Failure   Level
a - Shock                 Conj/Air       60%        1d6       3%          1
b - Static Discharge      Conj/Air       15%        N/A       5%          2
c - Swiftness             Air            19%        N/A       8%          3

Your spell library contained the following spells:

 Spells                   Type           Power      Damage    Failure   Level
 Airstrike                Air            9%         N/A       24%         4
 Gell's Gravitas          Tloc           3%         N/A       41%         3
 Lesser Beckoning         Tloc           3%         N/A       41%         3
 Teleport Other           Tloc           3%         N/A       41%         3


Dungeon Overview and Level Annotations

Branches:
Dungeon (3/15)

Altars:
Elyvilon


Innate Abilities, Weirdness & Mutations

You are too large for most types of armour.
You have tough skin. (AC +1)


Message History

The orc wizard hits you but does no damage.
The orc hits you with a +0 flail. The orc hits you but does no damage.
The orc wizard hits you with a +0 dagger.
Casting: Static Discharge (safe; 6% risk of failure)
Confirm with . or Enter, or press ? or * to list all spells.
The orc wizard is struck by an arc of lightning.
The orc wizard is severely wounded.
The lightning grounds out.
The orc hits you with a +0 flail. The orc hits you but does no damage.
The orc wizard hits you but does no damage.
The orc hits you with a +0 flail. The orc hits you but does no damage.
The orc wizard hits you with a +0 dagger.
Casting: Static Discharge (safe; 6% risk of failure)
Confirm with . or Enter, or press ? or * to list all spells.
The orc wizard is struck by an arc of lightning.
You kill the orc wizard!
The orc is struck by an arc of lightning.
The orc is severely wounded.
The lightning grounds out.
The orc hits you but does no damage. The orc hits you with a +0 dagger.
* * * LOW HITPOINT WARNING * * *
The orc hits you with a +0 flail.
* * * LOW HITPOINT WARNING * * *
The orc hits you with a +0 club.
* * * LOW HITPOINT WARNING * * *
The orc hits you with a +0 dagger.
* * * LOW HITPOINT WARNING * * *
Okay, then.
Okay, then.
You aren't carrying any items that you can evoke.
Unknown command.
Okay, then.
Casting: Static Discharge (safe; 5% risk of failure)
Confirm with . or Enter, or press ? or * to list all spells.
The orc is struck by an arc of lightning.
You kill the orc!
The orc is struck by an arc of lightning.
You kill the orc!
The lightning grounds out.
The orc hits you with a +0 club.
You die...

#.#
##...........
#.#
##.#########
#.# #.# #.# #
#.# #.# ## #.#
. #.
###.#.####....
#.
#.....@)......
####.
#.....)o......
+....
#.....##......
####. #.#.###
.#.... ## #...
# ... # #.##
.. #. + #


You could see an orc.

Vanquished Creatures
  2 orc wizards (D:3)
  3 gnolls
  6 adders (D:2)
  A dart slug (D:1)
  7 orcs (D:3)
  11 ball pythons
  5 endoplasms
  4 giant cockroaches
  A goblin (D:1)
  7 hobgoblins
  2 kobolds (D:1)
  A quokka (D:1)
  3 bats
  3 frilled lizards (D:1)
  2 rats (D:2)
58 creatures vanquished.

Notes
Turn   | Place    | Note
-------+----------+-------------------------------------------
     0 | D:1      | kae the Ogre Air Elementalist began the quest for the Orb.
     0 | D:1      | Reached XP level 1. HP: 16/16 MP: 3/3
    29 | D:1      | Reached skill level 1 in Conjurations
   133 | D:1      | Reached XP level 2. HP: 18/24 MP: 2/5
   135 | D:1      | Reached skill level 3 in Air Magic
   471 | D:1      | Reached XP level 3. HP: 31/31 MP: 2/7
   855 | D:2      | Learned a level 2 spell: Static Discharge
   859 | D:2      | Learned a level 3 spell: Swiftness
   987 | D:2      | Reached XP level 4. HP: 27/39 MP: 5/8
  1189 | D:2      | Found a white marble altar of Elyvilon.
  1255 | D:2      | Found a faded altar of an unknown god.
  2056 | D:2      | Reached skill level 4 in Air Magic
  2056 | D:2      | Reached XP level 5. HP: 43/45 MP: 6/10
  2921 | D:3      | Slain by an orc

Illustrated notes

Levels and vault maps discovered:
D:1:      amcnicky_arrival_abandoned_market, layout_rooms, chequers_jeans
D:2:      layout_basic, ebering_ecumenical_altar_sacrificial, basic_altar,
          minmay_snake_closets
D:3:      layout_loops_corners, minmay_liquid_box, kennysheep_minor_cross,
          minmay_misc_feat_nine_boxes

Skill      XL: |  1  2  3  4 |
---------------+-------------+-----
Conjurations   | 1 2 |  2.4
Air Magic      | 3 4 |  4.4
Spellcasting   | 3 |  3.8
Dodging        | |  1.7
Stealth        | |  1.4

Action                   |  1- 3 |  4- 6 || total
-------------------------+-------+-------++-------
Melee: Unarmed           |     5 |       ||     5
       Short sword       |     1 |       ||     1
       Staff             |       |    10 ||    10
       Punch             |       |     1 ||     1
 Cast: Shock             |    62 |    40 ||   102
       Static Discharge  |     2 |    20 ||    22
  Use: Potion            |     1 |       ||     1
       Scroll            |     3 |     5 ||     8
 Stab: Sleeping          |       |     1 ||     1
Armor: Robe              |     6 |    15 ||    21
Dodge: Dodged            |    10 |    17 ||    27

Table legend: (Time is in decaauts)
 A = Elapsed time spent in this place.
 B = Non-inter-level travel time spent in this place.
 C = Inter-level travel time spent in this place.
 D = Time resting spent in this place.
 E = Time spent auto-exploring this place.
 F = Levels seen in this place.
 G = Mean time per level.
                   A        B        C        D        E       F      G
               +--------+--------+--------+--------+--------+-----+--------+
         Total |   2924 |   2818 |    106 |    104 |   2368 |   3 |  974.7 |
       Dungeon |   2924 |   2818 |    106 |    104 |   2368 |   3 |  974.7 |
               +--------+--------+--------+--------+--------+-----+--------+

Top non-repeatable levels by time:
     D:2: 1543 daAuts
     D:1: 900 daAuts
     D:3: 480 daAuts
